AoeStats
← sHeoG0ratH

Lombardia

508048789Analyzed
2v2 RM · 11d ago on Sep 20, 2026· 27m 39s· 4 players
Game mode
Random Map
Map size
Medium (4 player)
Population
200
Speed
Normal
Resources
Standard
Victory
Conquest
Starting age
Dark Age
Ending age
Imperial Age
RankedLock teamsTeams togetherTeam positionsShared explorationLock speedFull tech treeHidden civsTurbo modeCheats
Victory
Defeat
🇩🇪 Japanese · Germany
1681
+7
🇦🇷 Burgundians · Argentina
1395
+16
🇩🇪 Italians · Germany
1436
-12
🇩🇪 Jurchens · Germany
1436
-11
Mr.Massaka
6:21 Loom
9:41 Feudal Age
13:04 Double-Bit Axe
16:55 Fletching
19:54 Wheelbarrow
24:32 Castle Age
ninive
6:30 Loom
9:12 Feudal Age
10:12 Double-Bit Axe
14:49 Town Watch
21:39 Castle Age
20:28 Scale Barding Armor
22:49 Bow Saw
22:52 Bloodlines
22:42 Husbandry
sHeoG0ratH
9:17 Feudal Age
9:20 Man-at-Arms
9:59 Double-Bit Axe
9:57 Horse Collar
18:07 Castle Age
16:27 Gold Mining
16:59 Fletching
18:37 Bloodlines
19:16 Bodkin Arrow
25:03 Padded Archer Armor
26:10 Wheelbarrow
26:17 Ballistics
26:33 Bow Saw
ELCOCHINOTE
10:44 Feudal Age
15:35 Castle Age
14:05 Double-Bit Axe
14:59 Horse Collar
15:36 Cavalier
16:28 Scale Barding Armor
18:26 Loom
Connection lost

Rejoining the realm…

Still unreachable

The connection could not be restored.

Session expired

The server has moved on; the page needs a fresh start.